 Dungeon Crawl Stone Soup version 0.26-a0-1184-g95e395e029 (webtiles) character file.

Game seed: 17969017456832767203

0 sokol815 the Chiller (level 1, -1/11 HPs)
             Began as an Octopode Ice Elementalist on Dec 27, 2020.
             Killed from afar by a dart slug (8 damage)
             ... with a slug dart
             ... on level 1 of the Dungeon.
             The game lasted 00:00:28 (174 turns).

sokol815 the Chiller (Octopode Ice Elementalist)     Turns: 174, Time: 00:00:28

Health: -1/11      AC:  1    Str:  7    XL:     1   Next: 10%
Magic:  3/3        EV: 13    Int: 17    God:
Gold:   0          SH:  0    Dex: 12    Spells: 3/4 levels left

rFire    . . .     SeeInvis .   a - +0 whip
rCold    . . .     Faith    .   (no shield)
rNeg     . . .     Spirit   .   (helmet restricted)
rPois    .         Reflect  .   (no amulet)
rElec    .         Harm     .   (no ring)
rCorr    .         Rampage  .   (no ring)
Will     .....                  (no ring)
Stlth    +++.......             (no ring)
HPRegen  0.03/turn              (no ring)
MPRegen  0.08/turn              (no ring)
                                (no ring)
                                (no ring)

@: no status effects
A: almost no armour, stealthy swim, amphibious, 8 rings, constrict 8, camouflage
1, gelatinous body 1
a: no special abilities


You were on level 1 of the Dungeon.
You visited 1 branch of the dungeon, and saw 1 of its levels.

Inventory:

Hand Weapons
 a - a +0 whip (weapon)
   (You found it on level 1 of the Dungeon)
Scrolls
 b - a scroll of fear {unknown}
Potions
 c - a potion of might {unknown}


   Skills:
 - Level 2.0 Dodging
 + Level 2.8 Stealth
 - Level 2.0 Spellcasting
 - Level 4.0 Ice Magic


You had 3 spell levels left.
You knew the following spells:

 Your Spells              Type           Power        Failure   Level
a - Freeze                Ice            60%          3%          1

Your spell library contained the following spells:

 Spells                   Type           Power        Failure   Level
 Frozen Ramparts          Ice            30%          11%         3
 Ozocubu's Armour         Ice            15%          11%         3
 Hailstorm                Conj/Ice       8%           63%         4
 Summon Ice Beast         Ice/Summ       8%           63%         4


Dungeon Overview and Level Annotations

Branches:
Dungeon (1/15)

Altars:


Innate Abilities, Weirdness & Mutations

You cannot wear most types of armour.
You are very stealthy in the water. (Stealth+)
You are amphibious.
You can wear up to eight rings at the same time.
You can use your tentacles to constrict eight enemies at once.
Your skin changes colour to match your surroundings (Stealth+).
Your rubbery body absorbs attacks. (AC +1, EV +1)


Message History

Options error: Bad channel -- rotten_meat (HDAMessageColors.rc:46) Welcome, sokol815 the Octopode Ice Elementalist.
The bosom of this dungeon contains the awesome artefact, the Orb of Zot.
Found a staircase leading out of the dungeon.
a - a whip
a - a +0 whip (weapon)
Found a stone staircase leading down.
Found a stone staircase leading down.
You see here a hunting sling.
b - a scroll labelled HAN BAESHIU
c - a blue potion A kobold and a dart slug come into view.
The helpless kobold fails to defend itself.
You hit the kobold. You grab the kobold. You squeeze the kobold.
You kill the kobold!
No target in view!
No target in view!
No target in view!
You see here a stone.
d - a stone A dart slug is nearby!
You throw a stone.
The stone hits the dart slug but does no damage.
The dart slug launches a dart at you. The slug dart hits you.
You take 5 damage, and have 6/11 hp.
MASSIVE DAMAGE!!
The dart slug launches a dart at you. The slug dart misses you.
The dart slug launches a dart at you. The slug dart hits you!
Ouch! That really hurt!
You die...

#.......#.###.#.....#
#.......#.....+.....#
#######........#.....#
........##...##......#
.......)......w......#
..............#......#
....>.........#..$...#
............#.#.....?#
...........@#.#......#
............#.#w.....#
###+###.....#.(......+
#......###### #
#.......# #.......#
#.......# #>......#
#.......######


You could see a dart slug.

Vanquished Creatures
  A kobold (D:1)
1 creature vanquished.

Notes
Turn   | Place    | Note
-------+----------+-------------------------------------------
     0 | D:1      | sokol815 the Octopode Ice Elementalist began the quest for
                  | the Orb.
     0 | D:1      | Reached XP level 1. HP: 11/11 MP: 3/3
   174 | D:1      | Killed from afar by a dart slug

Illustrated notes

Levels and vault maps discovered:
D:1:      elethiomel_arrival_maze, layout_basic

Action                   || total
-------------------------++-------
Melee: Whip              ||     1
       Constrict         ||     1
       Tentacles         ||     1
Throw: Stone             ||     1
 Stab: Sleeping          ||     1
Dodge: Dodged            ||     1

Table legend: (Time is in decaauts)
 A = Elapsed time spent in this place.
 B = Non-inter-level travel time spent in this place.
 C = Inter-level travel time spent in this place.
 D = Time resting spent in this place.
 E = Time spent auto-exploring this place.
 F = Levels seen in this place.
 G = Mean time per level.
                   A        B        C        D        E       F      G
               +--------+--------+--------+--------+--------+-----+--------+
         Total |    173 |    173 |      0 |      0 |    153 |   1 |  173.0 |
       Dungeon |    173 |    173 |      0 |      0 |    153 |   1 |  173.0 |
               +--------+--------+--------+--------+--------+-----+--------+

Top non-repeatable levels by time:
     D:1: 173 daAuts

Table legend:
 A = Kills in this place as a percentage of kills in entire the game.
 B = Kills by you in this place as a percentage of kills by you in the entire game.
 C = Kills by friends in this place as a percentage of kills by friends in the entire game.
 D = Other kills in this place as a percentage of other kills in the entire game.
 E = Experience gained in this place as a percentage of experience gained in the entire game.
 F = Experience gained in this place divided by the number of levels of this place that you have seen.
                   A       B       C       D       E      F
               +-------+-------+-------+-------+-------+----------------------
         Total | 100.0 | 100.0 |   N/A |   N/A | 100.0 |   1.0
       Dungeon | 100.0 | 100.0 |   N/A |   N/A | 100.0 |   1.0
               +-------+-------+-------+-------+-------+----------------------
